 Dungeon Crawl Stone Soup version 0.31-a0-1178-gc5c9b8f (webtiles) character file.

Game seed: 7547743346991382964

1873641 Kearsarge the Shapeless Merfolk (level 25, 219/219 HPs)
             Began as a Merfolk Fighter on Dec 11, 2023.
             Was an Initiate of Gozag.
             Escaped with the Orb
             ... and 3 runes!
             The game lasted 01:40:10 (51718 turns).

Kearsarge the Shapeless Merfolk (Merfolk Fighter)  Turns: 51718, Time: 01:40:10

Health: 219/219    AC: 15    Str: 24    XL:     25   Next: 46%
Magic:  23/23      EV: 59    Int: 10    God:    Gozag
Gold:   319        SH:  5    Dex: 21    Spells: 24/24 levels left

rFire   + .          .
                       - Unarmed
rCold   + . .        (shield currently unavailable)
rNeg    + . .        (body armour currently unavailable)
rPois   ∞            (helmet currently unavailable)
rElec   +            (cloak currently unavailable)
rCorr   .            (gloves currently unavailable)
SInv    .            (boots currently unavailable)
Will    +++..        Z - amulet of Temptation {Reflect +Inv Regen+ SH+5}
Stlth   +            U - ring of protection from fire
HPRegen 1.36/turn    d - ring "Enliu" {+Blink rC+ rN+ Will++ Str+3}
MPRegen 0.18/turn

%: reflection
@: storm-form, gold aura, flying, studying 2 skills
A: cleaving, insubstantial, flying, (nimble swimmer 2), (mertail), mutation
resistance 1
0: Orb of Zot
}: 3/15 runes: decaying, silver, gossamer
a: Blinkbolt, Begin Untransformation, Renounce Religion, Evoke Blink, Evoke
Invisibility, Potion Petition, Call Merchant, Bribe Branch


You escaped.
You worshipped Gozag.
Gozag was aware of your devotion.
You were a lightning-filled tempest!
You visited 10 branches of the dungeon, and saw 48 of its levels.
You visited 1 ziggurat, and saw 8 of its levels.
You also visited: Bailey, Wizlab and Desolation.

You collected 24521 gold pieces.
You spent 7256 gold pieces at shops.
You paid 16946 gold pieces to Gozag.

Inventory:

Hand Weapons
 h - a +1 demon whip of draining
Missiles
 e - 56 poisoned darts
 i - 2 throwing nets
Jewellery
 d - the ring "Enliu" (right fist) {+Blink rC+ rN+ Will++ Str+3}
   (You bought it in a shop on level 3 of the Elven Halls)

   [ring of protection from cold]

   Str+3:     It affects your strength (+3).
   rC+:       It protects you from cold.
   rN+:       It protects you from negative energy.
   Will++:    It greatly increases your willpower.
   +Blink:    It lets you blink.
 m - an amulet of regeneration
 z - the amulet of Vitality {RegenMP++ Regen++}
   (You bought it in a shop on level 2 of the Orcish Mines)

   [amulet of magic regeneration]

   RegenMP:   It increases your rate of magic regeneration.
   Regen++:   It increases your rate of health regeneration.
 A - a ring of magical power
 P - the necklace of Bloodlust {Fury *Rage Will++ Int-3 Slay+6}
   (You found it on level 5 of the Vaults)

   [amulet of nothing]

   Fury:      It extends the wearer's berserk rage when killing foes.
   Int-3:     It affects your intelligence (-3).
   Slay+6:    It affects your accuracy & damage with ranged weapons and melee
   (+6).
   Will++:    It greatly increases your willpower.
   *Rage:     It berserks you when you make melee attacks (+50% chance).
 U - a ring of protection from fire (left fist)
 W - a ring of willpower
 X - the ring "Anguda" {MP+9 Str+6}
   (You found it on level 5 of the Vaults)

   [ring of magical power]

   Str+6:     It affects your strength (+6).
   MP+9:      It affects your magic capacity (+9).
 Y - the ring of Fekaokk {rN+ SInv}
   (You found it in the Desolation of Salt)

   [ring of see invisible]

   rN+:       It protects you from negative energy.
   SInv:      It lets you see invisible.
 Z - the amulet of Temptation (around neck) {Reflect +Inv Regen+ SH+5}
   (You found it in the Desolation of Salt)

   [amulet of reflection]

   Reflect:   It reflects blocked missile attacks.
   +Inv:      It lets you turn invisible.
   Regen+:    It increases your rate of health regeneration.
   SH+5:      It affects your SH (+5).
Talismans
 T - the storm talisman "Butad" (active) {Dex+3}
   (You bought it in a shop on level 2 of the Orcish Mines)

   [storm talisman]

   Dex+3:     It affects your dexterity (+3).
Wands
 v - a wand of flame (94)
 y - a wand of mindburst (13)
 C - a wand of polymorph (24)
 I - a wand of light (21)
 J - a wand of iceblast (19)
 L - a wand of charming (38)
 O - a wand of digging (25)
Scrolls
 c - 2 scrolls of summoning
 f - 3 scrolls of poison
 l - 7 scrolls of fog
 n - 23 scrolls of teleportation
 q - 5 scrolls of immolation
 s - a scroll of silence
 t - 7 scrolls of fear
 E - 5 scrolls of amnesia
 G - 6 scrolls of vulnerability
 K - 7 scrolls of noise
 N - 7 scrolls of enchant armour
 Q - a scroll of brand weapon
 R - 4 scrolls of blinking
 S - 3 scrolls of torment
Potions
 a - 5 potions of attraction
 b - 6 potions of might
 g - 8 potions of curing
 j - 8 potions of ambrosia
 k - 5 potions of heal wounds
 o - 11 potions of brilliance
 p - a potion of magic
 r - 4 potions of haste
 w - 4 potions of cancellation
 x - 6 potions of enlightenment
 B - 3 potions of lignification
 D - 6 potions of mutation
 M - 4 potions of berserk rage
 V - 2 potions of resistance
Miscellaneous
 F - a phantom mirror
 H - a box of beasts


   Skills:
 + Level 22.4 Fighting
 - Level 23.3 Polearms
 - Level 2.1 Armour
 + Level 25.0 Dodging
 - Level 3.0 Shields
 + Level 24.5 Unarmed Combat
 O Level 27 Shapeshifting


You had 24 spell levels left.
You didn't know any spells.
Your spell library contained the following spells:

 Spells                   Type           Power      Damage    Failure   Level
 Freeze                   Ice            0%         1d3       36%         1
 Sandblast                Erth           0%         2d4       36%         1
 Shock                    Conj/Air       0%         1d3       36%         1
 Slow                     Hex            0%         N/A       36%         1
 Sting                    Tmut/Pois      0%         1d3       36%         1
 Summon Small Mammal      Summ           0%         N/A       36%         1
 Blink                    Tloc           0%         N/A       50%         2
 Cigotuvi's Dreadful Rot  Necr/Pois/Air  0%         N/A       50%         2
 Ensorcelled Hibernation  Hex/Ice        0%         N/A       50%         2
 Jinxbite                 Hex            0%         N/A       50%         2
 Lesser Beckoning         Tloc           0%         N/A       50%         2
 Momentum Strike          Conj/Tloc      0%         3d8       50%         2
 Passwall                 Tmut/Erth      0%         N/A       50%         2
 Poisonous Vapours        Pois/Air       0%         N/A       50%         2
 Call Canine Familiar     Summ           0%         N/A       75%         3
 Confusing Touch          Hex            0%         N/A       75%         3
 Frozen Ramparts          Ice            0%         1d1       75%         3
 Gell's Gravitas          Tloc           0%         N/A       75%         3
 Hailstorm                Conj/Ice       0%         3d5       75%         3
 Ignite Poison            Fire/Tmut/Pois 0%         N/A       75%         3
 Ozocubu's Armour         Ice            0%         N/A       75%         3
 Sigil of Binding         Hex            0%         N/A       75%         3
 Summon Guardian Golem    Hex/Summ       0%         N/A       75%         3
 Swiftness                Air            0%         N/A       75%         3
 Teleport Other           Tloc           0%         N/A       75%         3
 Tukima's Dance           Hex            0%         N/A       75%         3
 Vampiric Draining        Necr           0%         2d6       75%         3
 Volatile Blastmotes      Fire/Tloc      0%         2d10      75%         3
 Airstrike                Air            0%         2d(0-16)  98%         4
 Anguish                  Hex/Necr       0%         N/A       98%         4
 Animate Armour           Summ/Erth      0%         N/A       98%         4
 Brom's Barrelling Bould  Conj/Erth      0%         2d3       98%         4
 Cause Fear               Hex            0%         N/A       98%         4
 Dimensional Bullseye     Hex/Tloc       0%         N/A       98%         4
 Dispel Undead            Necr           0%         3d6       98%         4
 Iskenderun's Mystic Bla  Conj/Tloc      0%         2d3       98%         4
 Leda's Liquefaction      Hex/Erth       0%         N/A       98%         4
 Manifold Assault         Tloc           0%         N/A       98%         4
 Olgreb's Toxic Radiance  Pois           0%         N/A       98%         4
 Petrify                  Tmut/Erth      0%         N/A       98%         4
 Summon Ice Beast         Ice/Summ       0%         N/A       98%         4
 Summon Lightning Spire   Summ/Air       0%         N/A       98%         4
 Vhi's Electric Charge    Tloc/Air       0%         N/A       98%         4
 Alistair's Intoxication  Tmut/Pois      0%         N/A       100%        5
 Arcjolt                  Conj/Air       0%         1d10      100%        5
 Borgnjor's Vile Clutch   Necr/Erth      0%         N/A       100%        5
 Freezing Cloud           Conj/Ice/Air   0%         6-21      100%        5
 Irradiate                Conj/Tmut      0%         3d11      100%        5
 Lee's Rapid Deconstruct  Erth           0%         3d4*      100%        5
 Metabolic Englaciation   Hex/Ice        0%         N/A       100%        5
 Silence                  Hex/Air        0%         N/A       100%        5
 Summon Mana Viper        Hex/Summ       0%         N/A       100%        5
 Bombard                  Conj/Erth      0%         9d1       100%        6
 Death Channel            Necr           0%         N/A       100%        6
 Plasma Beam              Fire/Air       0%         2x1d10    100%        6
 Starburst                Conj/Fire      0%         6d3       100%        6
 Summon Cactus Giant      Summ           0%         N/A       100%        6
 Enfeeble                 Hex            0%         N/A       100%        7
 Monstrous Menagerie      Summ           0%         N/A       100%        7
 Orb of Destruction       Conj           0%         9d5       100%        7
 Ozocubu's Refrigeration  Ice            0%         4d7       100%        7
 Spellforged Servitor     Conj/Summ      0%         N/A       100%        7
 Discord                  Hex            0%         N/A       100%        8
 Ignition                 Fire           0%         3d3       100%        8
 Maxwell's Capacitive Co  Air            0%         ∞         100%        8
 Dragon's Call            Summ           0%         N/A       100%        9
 Polar Vortex             Ice            0%         N/A       100%        9
 Shatter                  Erth           0%         3d5*      100%        9
 Sublimation of Blood     Necr           Unusable   N/A       N/A         2
 Simulacrum               Ice/Necr       Unusable   N/A       N/A         6

Dungeon Overview and Level Annotations

Branches:
Dungeon (15/15)            Temple (1/1) D:6            Lair (5/5) D:8
  Swamp (4/4) Lair:2       Spider (4/4) Lair:3        Slime (0/5) Lair:5
    Orc (2/2) D:11            Elf (3/3) Orc:2        Vaults (5/5) D:13
  Crypt (0/3) Vaults:3     Depths (4/4) D:15            Zot (5/5) Depths:4
 Bailey (visited)          WizLab (visited)         Desolation (visited)

Altars:
Ashenzari
Cheibriados
Dithmenos
Elyvilon
Fedhas
Gozag
Hepliaklqana
Kikubaaqudgha
Makhleb
Nemelex Xobeh
Okawaru
Qazlal
Ru
Sif Muna
Trog
Uskayaw
Vehumet
Wu Jian
Xom
Yredelemnul
Zin
The Shining One
Jiyva

Shops:
D:9 =   Orc:2 ==(*   Elf:1 [   Elf:3 =   Lair:4 (   Vaults:2 ([   Vaults:3 *=
Depths:1 (!   Depths:2 ?

Portals:
Hell: Depths:1 Depths:2 Depths:3
Abyss: Depths:3 Depths:4
Pandemonium: Depths:2 Depths:3
Trove: Vaults:3 (give +5 demon whip)

Annotations:
D:12 4 transporters
D:13 Rupert
Lair:5 2 runed translucent doors
Swamp:3 2 runed translucent doors, Hosoh's ghost, adept FoFi
Elf:2 3 runed translucent doors


Innate Abilities, Weirdness & Mutations

You are a lightning-filled tempest!
Your electrical attacks strike out in all directions at once.
You are incredibly evasive.
Your insubstantial body is immune to petrification, constriction, and being set on fire You are flying.
Your armour is entirely melded.
You are incapable of wielding weapons or throwing items.
You are immune to poison.
((You are very nimble when in or above water. (Stealth+, EV+, Speed+++)))
((Your lower body shifts to a powerful aquatic tail in water.))
You are somewhat resistant to further mutation.


Message History

There is a stone staircase leading up here.
You fly upwards.
There is a stone staircase leading down here.
HP restored.
You see here a +0 club.
There is a stone staircase leading up here.
You fly upwards.
There is a stone staircase leading down here.
An Orb Guardian comes into view.
The shock of your passage misses the Orb Guardian.
You blink.
You batter the Orb Guardian!!
You punch the Orb Guardian, but do no damage.
The Orb Guardian is moderately wounded.
You barely miss the Orb Guardian.
The Orb Guardian is moderately wounded.
The Orb Guardian completely misses you.
You batter the Orb Guardian!!
The Orb Guardian is severely wounded.
The Orb Guardian completely misses you.
You blast the Orb Guardian!!!!
You kill the Orb Guardian!
Your Dodging skill increases to level 25!
No target in view!
What level of the Dungeon? (default 1, ? - help)
You feel energetic enough to blinkbolt again.
A neqoxec comes into view.
There is a stone staircase leading up here.
The neqoxec is distracted by your dazzling golden aura.
You fly upwards.
There is a stone staircase leading down here.
Aiming: Dig
Press: ? - help, Q - select action, (/) - cycle Shift-Dir - straight line You can't see that place. [a staircase leading out of the dungeon.]
The rock shatters into small pieces.
Blink to where?
Press: ? - help, Q - select action, (/) - cycle Dir - move target
As you read the scroll of blinking, it crumbles to dust.
You have escaped!

### #........####### #.######
######........# #.......
...........#+##### ########
#####............# #....
#............# #....
#............############....
########.......(........'....
######.############....
######.....v.....#######....
#####.....................######
##...........###.###...........##
......#########...######'##......
...####...#...#.§)#...#...####...
.###..#...'...'...'...'...#..###.
###...#...##.#######.##...#...###
..'...'...#### ####...'...'..
..#...#...# #.§.#...#..


There were no monsters in sight!

Vanquished Creatures
  2 ancient liches (Vaults:5)
  A dread lich (Zot:1)
  Frederick (Vaults:3)
  Mara (Vaults:2)
  Sojobo (Vaults:2)
  Parghit (Depths:3)
  4 Killer Klowns (Zot:1)
  5 caustic shrikes
  Xtahua (Depths:3)
  Nikola (Swamp:3)
  3 golden dragons
  2 pearl dragons (Zig:8)
  2 bone dragons (Depths:4)
  Arachne (Spider:3)
  2 Tzitzimimeh
  2 electric golems (Zot:1)
  A walking crystal tome (Depths:4)
  7 Orb Guardians
  Mlioglotl (Spider:4)
  A Hell Sentinel (Depths:4)
  A walking earthen tome (Depths:3)
  3 deep elf blademasters
  2 deep elf master archers (Elf:3)
  4 titans
  9 tentacled monstrosities
  2 liches
  3 quicksilver dragons
  An Executioner (D:15)
  4 death cobs
  2 thorn hunters
  6 sphinxes
  3 shadow dragons
  5 tengu reavers
  6 frost giants
  A rockslime (Zig:5)
  8 storm dragons
  2 draconian monks
  A daeva (Zig:8)
  2 azure jellies
  An iron dragon (Vaults:5)
  A fenstrider witch (Swamp:2)
  4 fire giants
  3 emperor scorpions
  8 deep elf sorcerers (Elf:3)
  2 imperial myrmidons (Desolation)
  15 vault wardens
  5 ghost moths
  2 deep elf elementalists (Elf:3)
  A draconian scorcher (Zot:5)
  3 draconian annihilators
  A draconian stormcaller (Zot:3)
  16 ironbound preservers
  2 balrugs
  3 draconian shifters
  An angel (Zig:8)
  2 spriggan defenders (Depths:4)
  7 stone giants
  9 broodmothers
  9 very ugly things
  A demonspawn blood saint (D:15)
  10 ironbound thunderhulks
  4 formless jellyfish
  An ophan (Zig:8)
  Nessos (Lair:3)
  A green draconian (Zot:1)
  An apis (Zig:8)
  3 eleionomae
  6 bunyips
  2 halazid warlocks (Desolation)
  A red draconian (Zot:1)
  5 black draconians
  6 deep elf annihilators
  4 purple draconians
  A spark wasp (Spider:3)
  A yellow draconian (Zot:5)
  11 dire elephants
  8 deep elf demonologists
  An iron golem (Zig:2)
  3 white draconians
  3 deep elf death magi
  Snorg (Lair:2)
  A quicksilver dragon zombie (Vaults:5)
  A blizzard demon (D:15)
  6 entropy weavers
  3 fire dragons
  5 deep elf high priests
  19 yaktaur captains
  4 great orbs of eyes
  3 shambling mangroves
  8 ettins
  15 vault guards
  8 ragged hierophants (Desolation)
  2 crystal guardians (Desolation)
  5 ice dragons
  11 servants of whispers (Desolation)
  Harold (Lair:1)
  2 ghost crabs (Swamp:1)
  2 rakshasas
  18 hydras
  A jorogumo (Spider:3)
  12 alligators
  2 ogre magi
  6 peacekeepers
  6 ironbound frosthearts
  A catoblepas (Zig:7)
  4 spriggan air magi
  5 radroaches
  2 two-headed ogres
  22 centaur warriors
  9 boulder beetles
  18 dancing weapons
  3 death knights
  6 tengu warriors
  A death scarab (Spider:4)
  4 deep troll shamans
  4 deep troll earth magi
  A sphinx skeleton (Vaults:2)
  6 demonic crawlers
  4 orc high priests
  3 death yaks (Lair:2)
  A vampire mage (Depths:4)
  4 spriggan berserkers
  5 sun demons
  14 hell knights
  3 occultists
  2 sixfirhies
  16 deep elf knights
  5 pharaoh ants
  8 iron trolls
  2 skeletal warriors (D:13)
  A fire crab (Lair:5)
  A shadow demon (D:15)
  A death drake (Swamp:2)
  A goliath frog (Swamp:1)
  9 orb spiders
  5 spriggan druids
  2 sun moths (Zig:8)
  3 cherubim (Zig:8)
  40 deep trolls
  2 glowing orange brains
  13 swamp dragons
  15 deep elf archers
  3 flayed ghosts
  A tengu zombie (Vaults:4)
  4 phantasmal warriors
  Pikel (D:7)
  25 ironbound convokers
  7 arcanists
  2 bog bodies
  A steelbarb worm (shapeshifter) (Depths:4)
  2 steelbarb worms (Spider:2)
  9 orc knights
  6 necromancers
  9 lindwurms
  32 deep elf pyromancers
  4 harpies (Vaults:2)
  A glowing shapeshifter (Depths:2)
  26 deep elf zephyrmancers
  23 wolf spiders
  2 orc sorcerers (Orc:2)
  3 will-o-the-wisps
  A shadow dragon skeleton (Vaults:2)
  6 cyclopes
  24 ugly things
  A frost giant zombie (Vaults:2)
  15 moths of wrath
  A shining eye (shapeshifter) (Elf:1)
  3 shining eyes (Zig:3)
  An iron dragon skeleton (Vaults:4)
  2 elephants
  2 kobold blastminers (Orc:2)
  20 vault sentinels
  2 guardian serpents (shapeshifter)
  2 large abominations (D:15)
  6 black mambas
  A fire giant skeleton (Vaults:2)
  7 guardian serpents (Desolation)
  A rust devil (Zot:5)
  4 molten gargoyles
  An elf skeleton (Vaults:4)
  5 torpor snails
  2 hellions
  7 cane toads
  An unseen horror (D:12)
  4 rime drakes
  43 yaktaurs
  15 komodo dragons
  A tormentor (Depths:2)
  4 tengu conjurers
  3 freezing wraiths
  7 tyrant leeches
  9 trolls
  A queen bee (Spider:3)
  14 meliai
  28 tarantellas
  23 hornets
  A glass eye (Zig:5)
  2 polar bears
  Prince Ribbit (Bailey)
  48 saltlings (Desolation)
  11 dream sheep (Lair:4)
  A bloated husk (Swamp:1)
  13 blink frogs
  An air elemental (Elf:3)
  27 culicivoras
  40 jumping spiders
  18 spriggans
  2 shadows
  41 slime creatures
  An elf zombie (Vaults:4)
  11 water elementals
  10 wyverns
  11 basilisks
  A fire elemental (Elf:2)
  A vampire (D:12)
  48 yaks
  10 humans
  4 steam dragons
  64 redbacks
  15 vampire mosquitoes
  16 swamp worms
  3 wargs
  9 water moccasins
  2 hell hounds (Lair:5)
  A glowing shapeshifter skeleton (Vaults:5)
  An acid dragon (D:10)
  10 swamp drakes
  25 orc warriors
  5 ice beasts
  A sky beast (D:7)
  6 ogres
  4 black bears
  9 wolves
  A lemure (D:7)
  A kobold brigand (D:8)
  23 bullfrogs
  A gnoll sergeant (D:5)
  A glowing shapeshifter simulacrum (Vaults:5)
  7 earth elementals
  4 wights (D:5)
  19 killer bees
  7 electric eels
  4 howler monkeys
  4 lava snakes (Lair:5)
  A crimson imp (D:4)
  A human simulacrum (Vaults:2)
  3 hounds
  A jelly (D:5)
  A gnoll bouda (D:6)
  9 orc priests
  Ijyb (D:3)
  2 sleepcaps
  2 iguanas
  21 orc wizards
  9 gnolls
  An adder (D:5)
  2 shadow imps
  17 white imps
  5 ufetubi
  6 worms
  3 dart slugs
  62 orcs
  7 endoplasms
  6 giant cockroaches
  24 goblins
  3 hobgoblins
  4 quokkas
  5 ball pythons
  8 bats
  5 frilled lizards
  9 kobolds
  11 rats
1865 creatures vanquished.

Vanquished Creatures (collateral kills)
  An electric golem (Zot:5)
  4 Orb Guardians (Zot:5)
  A sphinx (Vaults:5)
  Gastronok (D:8)
  A death cob (Zot:5)
  A storm dragon (Vaults:5)
  An emperor scorpion (Spider:4)
  An ironbound preserver (Vaults:5)
  An orc warlord (Orc:1)
  A war gargoyle (Vaults:5)
  4 vault guards (Vaults:5)
  A demonic crawler (Spider:4)
  A deep elf knight (Vaults:5)
  A hell knight (Vaults:5)
  A goliath frog (Swamp:2)
  A deep elf archer (Vaults:5)
  A wolf spider (Spider:4)
  A will-o-the-wisp (Swamp:2)
  A jumping spider (Spider:4)
  A spriggan (Swamp:2)
  3 orc warriors (Orc:1)
  An orc priest (Orc:1)
  7 orcs (Orc:1)
37 creatures vanquished.

Vanquished Creatures (others)
  An ancient lich (Vaults:5)
  An orb of fire (Zot:5)
  2 Killer Klowns (Zot:5)
  2 golden dragons
  A tentacled monstrosity (Vaults:5)
  8 Orb Guardians (Zot:5)
  2 titans (Vaults:5)
  3 storm dragons
  A tengu reaver (Vaults:5)
  A fire giant (Vaults:5)
  An iron dragon (Vaults:5)
  An emperor scorpion (Spider:4)
  2 vault wardens (Vaults:5)
  A deep elf sorcerer (Vaults:5)
  A draconian shifter (Zot:5)
  An ironbound preserver (Vaults:5)
  A ghost moth (Zot:5)
  A war gargoyle (Vaults:5)
  A stone giant (Vaults:5)
  2 very ugly things (Vaults:5)
  2 deep elf demonologists (Vaults:5)
  3 ettins (Vaults:5)
  3 yaktaur captains (Vaults:5)
  An entropy weaver (Vaults:5)
  2 deep elf high priests (Vaults:5)
  10 vault guards (Vaults:5)
  An ogre mage (Vaults:5)
  An alligator (Swamp:3)
  A centaur warrior (Vaults:1)
  An occultist (Depths:2)
  A skyshark (shapeshifter) (Vaults:5)
  3 hell knights (Vaults:5)
  A steelbarb worm (Spider:4)
  A necromancer (Vaults:5)
  A deep elf archer (Vaults:5)
  A phantasmal warrior (Vaults:5)
  3 ironbound convokers (Vaults:5)
  2 deep elf zephyrmancers
  2 vault sentinels (Vaults:5)
  A moth of wrath (Zot:5)
  5 yaktaurs (Vaults:5)
  3 bloated husks
  2 saltlings (Desolation)
  A glass eye (shapeshifter) (Vaults:5)
  2 spriggans
  A water elemental (D:15)
  A swamp worm (shapeshifter) (Vaults:5)
  A swamp worm (Swamp:3)
  A redback (Spider:1)
  2 hell hounds (Lair:5)
  An orc warrior (Orc:2)
  3 orc priests
  An orc (Orc:2)
  15 foxfires
  2 starspawn tentacles (Spider:4)
116 creatures vanquished.

Grand Total: 2018 creatures vanquished

Notes
Turn   | Place    | Note
-------+----------+-------------------------------------------
     0 | D:1      | Kearsarge the Merfolk Fighter began the quest for the Orb.
     0 | D:1      | Reached XP level 1. HP: 18/18 MP: 1/1
   184 | D:1      | Reached XP level 2. HP: 20/24 MP: 2/2
   479 | D:1      | Reached XP level 3. HP: 30/30 MP: 3/3
  1483 | D:3      | Noticed Ijyb
  1496 | D:3      | Killed Ijyb
  1497 | D:3      | Reached skill level 5 in Polearms
  1497 | D:3      | Reached XP level 4. HP: 35/37 MP: 4/4
  1736 | D:3      | Found a white marble altar of Elyvilon.
  1738 | D:3      | Found an ornate altar of the Wu Jian Council.
  2251 | D:4      | Reached XP level 5. HP: 43/43 MP: 5/5
  2804 | D:5      | Entered Level 5 of the Dungeon
  2831 | D:5      | Noticed a black bear
  2837 | D:5      | Killed a black bear
  2838 | D:5      | Reached skill level 5 in Fighting
  2838 | D:5      | Reached XP level 6. HP: 45/51 MP: 6/6
  3074 | D:5      | Reached XP level 7. HP: 47/55 MP: 7/7
  3238 | D:5      | Found an ancient bone altar of Kikubaaqudgha.
  3417 | D:5      | Identified the ring of Atygeb {AC+4 Str+3 Int+4 Stlth-}
  3971 | D:6      | Reached XP level 8. HP: 43/65 MP: 8/8
  4069 | D:6      | Reached skill level 10 in Polearms
  4504 | D:6      | Found a staircase to the Ecumenical Temple.
  4539 | Temple   | Entered the Ecumenical Temple
  4549 | Temple   | Became a worshipper of Gozag Ym Sagoz the Greedy
  4927 | D:7      | Reached XP level 9. HP: 72/74 MP: 9/9
  5459 | D:7      | Noticed Pikel
  5555 | D:7      | Killed Pikel
  6057 | D:8      | Noticed Gastronok
  6342 | D:8      | Found a flagged portal.
  6394 | Bailey   | Entered a bailey
  6496 | Bailey   | Reached XP level 10. HP: 41/83 MP: 10/10
  6601 | Bailey   | Reached skill level 15 in Polearms
  6887 | Bailey   | Reached skill level 10 in Fighting
  6898 | Bailey   | Noticed a vault guard
  6961 | Bailey   | Killed a vault guard
  6972 | Bailey   | Noticed Prince Ribbit
  6976 | Bailey   | Noticed a vault guard
  7029 | Bailey   | Killed Prince Ribbit
  7450 | D:8      | Killed Gastronok
  7514 | D:8      | Found a staircase to the Lair.
  7514 | D:8      | Noticed an elephant
  7542 | D:8      | Reached XP level 11. HP: 81/92 MP: 11/11
  7769 | D:8      | Noticed a moth of wrath
  7772 | D:8      | Found a bloodstained altar of Trog.
  8009 | D:8      | Identified the +0 halberd of the Unseen Realm {heavy,
                  | rElec}
  9238 | D:10     | Entered Level 10 of the Dungeon
  9238 | D:10     | Noticed a two-headed ogre
  9252 | D:10     | Killed a two-headed ogre
  9726 | D:10     | Noticed a skeletal warrior
  9984 | D:10     | Noticed a cyclops
  9997 | D:10     | Killed a cyclops
 10789 | D:11     | Found a hide-covered altar of Uskayaw.
 10894 | D:11     | Found a staircase to the Orcish Mines.
 10942 | Orc:1    | Entered Level 1 of the Orcish Mines
 11127 | Orc:2    | Entered Level 2 of the Orcish Mines
 11135 | Orc:2    | Noticed an orc high priest
 11310 | Orc:1    | Noticed a sixfirhy
 11310 | Orc:1    | Noticed a sun demon
 11320 | Orc:1    | Killed an orc high priest
 11657 | Orc:1    | Noticed an orc warlord
 11670 | Orc:1    | Reached XP level 12. HP: 72/103 MP: 12/12
 11682 | Orc:1    | Killed an orc warlord
 12178 | Orc:2    | Noticed an orc high priest
 12192 | Orc:2    | Found Xehodgh's Jewellery Emporium.
 12192 | Orc:2    | Found Dukhoxih's Assorted Antiques.
 12192 | Orc:2    | Found Heistruj's Jewellery Emporium.
 12192 | Orc:2    | Found Idyreb's Weapon Shop.
 12192 | Orc:2    | Noticed an orc high priest
 12192 | Orc:2    | Noticed an orc high priest
 12194 | Orc:2    | Noticed an ogre mage
 12275 | Orc:2    | Found a staircase to the Elven Halls.
 12852 | Lair:1   | Entered Level 1 of the Lair of Beasts
 12892 | Lair:1   | Identified the ring of Biastrah {Ice rN+ Dex+3 SInv}
 12916 | Lair:1   | Noticed Harold
 12982 | Lair:2   | Noticed a seven-headed hydra
 12991 | Lair:2   | Killed a seven-headed hydra
 13307 | Lair:2   | Noticed a death yak
 13326 | Lair:2   | Noticed a death yak
 13328 | Lair:2   | Noticed a death yak
 13336 | Lair:2   | Killed a death yak
 13366 | Lair:2   | Killed a death yak
 13387 | Lair:2   | Killed a death yak
 13626 | Lair:2   | Reached XP level 13. HP: 108/112 MP: 13/13
 14470 | Lair:2   | Found a staircase to the Swamp.
 14835 | Lair:3   | Noticed Snorg
 14859 | Lair:3   | Found a hole to the Spider Nest.
 15098 | Lair:3   | Noticed Nessos
 15114 | Lair:3   | Killed Nessos
 16270 | Lair:4   | Found a frozen archway.
 16810 | Lair:4   | Reached skill level 15 in Fighting
 16977 | Lair:4   | Reached skill level 1 in Dodging
 17486 | Lair:5   | Entered Level 5 of the Lair of Beasts
 17707 | Lair:5   | Reached skill level 5 in Dodging
 18193 | Lair:5   | Reached XP level 14. HP: 108/123 MP: 14/14
 18615 | Lair:5   | Found a viscous altar of Jiyva.
 18615 | Lair:5   | Found a staircase to the Slime Pits.
 18668 | Lair:5   | Found a large runed translucent door.
 19156 | Lair:5   | Reached skill level 10 in Dodging
 19258 | Lair:5   | Found a large runed translucent door.
 19618 | Lair:1   | Killed Harold
 19619 | Lair:1   | Reached skill level 1 in Shapeshifting
 19812 | Lair:1   | Identified the +0 helmet "Ungorunle" {rF+}
 19857 | Lair:1   | Reached skill level 2 in Shapeshifting
 20159 | Lair:1   | Reached skill level 3 in Shapeshifting
 20570 | Lair:1   | Reached skill level 4 in Shapeshifting
 20647 | Lair:1   | Reached skill level 5 in Shapeshifting
 21126 | D:12     | Found a transporter.
 21343 | D:11     | Reached skill level 6 in Shapeshifting
 21531 | D:12     | Found a transporter.
 21838 | D:12     | Reached skill level 7 in Shapeshifting
 21984 | D:12     | Found a transporter.
 21986 | D:12     | Found a transporter.
 22427 | D:13     | Reached skill level 8 in Shapeshifting
 22519 | D:13     | Noticed Rupert
 22790 | Orc:2    | Reached skill level 9 in Shapeshifting
 22890 | Orc:2    | Reached skill level 10 in Shapeshifting
 23158 | Orc:2    | Bought the amulet of Vitality {RegenMP++ Regen++} for 1400
                  | gold pieces
 23158 | Orc:2    | Found the amulet of Vitality {RegenMP++ Regen++}
 23573 | D:13     | Reached skill level 11 in Shapeshifting
 23756 | D:13     | Reached XP level 15. HP: 122/129 MP: 15/15
 23956 | D:13     | Reached skill level 12 in Shapeshifting
 24002 | D:13     | HP: 7/193 [ironbound thunderhulk/bolt of lightning (50)]
 24071 | D:13     | Found a gate to the Vaults.
 24376 | D:14     | Reached skill level 13 in Shapeshifting
 25047 | D:15     | Entered Level 15 of the Dungeon
 25158 | D:15     | Reached skill level 14 in Shapeshifting
 25836 | D:15     | Reached skill level 15 in Shapeshifting
 25935 | D:15     | Found a staircase to the Depths.
 25935 | D:15     | Noticed a frost giant
 25951 | D:15     | Killed a frost giant
 26346 | Swamp:1  | Entered Level 1 of the Swamp
 26630 | Swamp:1  | Reached skill level 16 in Shapeshifting
 27142 | Swamp:1  | Noticed a tentacled monstrosity
 27174 | Swamp:1  | Killed a tentacled monstrosity
 27228 | Swamp:2  | Noticed a thorn hunter
 27363 | Swamp:1  | Reached skill level 17 in Shapeshifting
 27373 | Swamp:1  | Reached XP level 16. HP: 124/136 MP: 16/16
 27406 | Swamp:2  | Killed a thorn hunter
 27579 | Swamp:2  | Noticed a fenstrider witch
 27590 | Swamp:2  | Paralysed by a fenstrider witch for 2 turns
 27771 | Swamp:2  | Reached skill level 18 in Shapeshifting
 27889 | Swamp:3  | Noticed Nikola
 28212 | D:9      | Bought a granite talisman for 840 gold pieces
 28318 | Spider:1 | Entered Level 1 of the Spider Nest
 28566 | Spider:1 | Reached skill level 19 in Shapeshifting
 29473 | Orc:2    | Bought a scroll of teleportation for 84 gold pieces
 29638 | Lair:2   | Killed Snorg
 29797 | Spider:1 | Reached skill level 20 in Shapeshifting
 30699 | Spider:2 | Reached skill level 21 in Shapeshifting
 30710 | Spider:2 | You fall into a shaft and drop 1 floor!
 30714 | Spider:3 | Noticed Arachne
 30787 | Spider:2 | Reached XP level 17. HP: 142/142 MP: 17/17
 31809 | Spider:3 | Reached skill level 22 in Shapeshifting
 32261 | Spider:3 | Killed Arachne
 32385 | Spider:3 | Identified a scroll of acquirement
 32386 | Spider:3 | Acquired 585 gold pieces
 32586 | Spider:4 | Entered Level 4 of the Spider Nest
 32600 | Spider:4 | Reached skill level 1 in Unarmed Combat
 32939 | Spider:4 | Noticed Mlioglotl
 32973 | Spider:4 | Reached skill level 23 in Shapeshifting
 33290 | Spider:4 | Reached skill level 5 in Unarmed Combat
 33353 | Spider:4 | Noticed a tentacled starspawn
 33360 | Spider:4 | Killed Mlioglotl
 33647 | Spider:4 | Reached XP level 18. HP: 149/149 MP: 18/18
 33813 | Spider:4 | Got a gossamer rune of Zot
 34599 | Swamp:2  | Paralysed by a fenstrider witch for 3 turns
 34793 | Swamp:3  | Killed Nikola
 34919 | Swamp:3  | Found a large runed translucent door.
 34919 | Swamp:3  | Found a large runed translucent door.
 34919 | Swamp:3  | Noticed Hosoh's ghost (adept FoFi)
 35123 | Swamp:4  | Entered Level 4 of the Swamp
 35479 | Swamp:4  | Identified the +1 rapier of Qaczenn {flame, rPois MP-9
                  | Dex+2}
 35528 | Swamp:4  | Reached skill level 15 in Dodging
 35584 | Swamp:4  | Got a decaying rune of Zot
 35609 | Swamp:4  | Reached skill level 10 in Unarmed Combat
 35837 | Swamp:4  | Identified the +2 ring mail "Yluasale" {rPois rF+ rC-
                  | Int+3}
 36732 | Orc:2    | Bought the storm talisman "Butad" {Dex+3} for 2423 gold
                  | pieces
 36734 | Orc:2    | Bought a ring of protection from fire for 350 gold pieces
 36788 | Elf:1    | Entered Level 1 of the Elven Halls
 36929 | Elf:1    | Found Xeuhake's Antique Armour Emporium.
 37126 | Elf:1    | Identified the +4 bardiche of the Vine {drain, rN++}
 37175 | Elf:1    | Reached XP level 19. HP: 155/155 MP: 19/19
 37177 | Elf:1    | Found a crumbling gateway.
 37182 | Desolati | Entered the Desolation of Salt
 37382 | Desolati | Identified the ring of the Everdark {*Slow rN+ Will+ Str+6
                  | Stlth+}
 37385 | Desolati | Identified the +3 plate armour "Pek Jaesch" {Rampage Str+4
                  | Int-5}
 37386 | Desolati | Identified the +1 storm dragon scales of the Endless
                  | Expanse {rElec Will+ Dex+3 SInv}
 37684 | Desolati | Identified the +4 long sword of the Beast {elec, rN+ Will+}
 37757 | Desolati | Got the Directory of the Volcano
 37760 | Desolati | Identified the +3 dagger "Ruoddu Obyps" {flame, rPois Str-5
                  | Dex+6}
 37811 | Desolati | Identified the ring of Fekaokk {rN+ SInv}
 37825 | Desolati | Identified the amulet of Temptation {Reflect +Inv Regen+
                  | SH+5}
 38444 | Elf:1    | Gained mutation: You are somewhat resistant to further
                  | mutation. [a shining eye]
 38530 | Elf:2    | Found a runed translucent gate.
 38571 | Elf:2    | Acquired 627 gold pieces
 38573 | Elf:2    | Found a runed translucent gate.
 38574 | Elf:2    | Found a runed translucent gate.
 39116 | Elf:3    | Entered Level 3 of the Elven Halls
 39356 | Elf:3    | Found Fifabar's Jewellery Boutique.
 39360 | Elf:3    | Bought the ring "Enliu" {+Blink rC+ rN+ Will++ Str+3} for
                  | 889 gold pieces
 39386 | Elf:3    | Reached XP level 20. HP: 162/162 MP: 20/20
 39802 | Elf:3    | Reached skill level 15 in Unarmed Combat
 39923 | Elf:3    | Identified the +0 sling of War {drain, rF+ rC+ Int+3}
 39923 | Elf:3    | Identified the +7 chain mail "Iwinua" {rN+}
 39923 | Elf:3    | Identified the ring "Xorugga" {EV+5 Dex+3}
 40084 | Elf:3    | Identified the staff "Ymmij" {rF+ Str+2 Conj}
 40104 | Elf:3    | Got the Secrets of Attendants
 40658 | Vaults:1 | Entered Level 1 of the Vaults
 41502 | Vaults:1 | Reached XP level 21. HP: 175/175 MP: 21/21
 42071 | Vaults:2 | Reached skill level 24 in Shapeshifting
 42216 | Vaults:2 | Noticed Sojobo
 42224 | Vaults:2 | Killed Sojobo
 42335 | Vaults:2 | Noticed Mara
 42343 | Vaults:2 | Noticed Kearsarge's illusion
 42354 | Vaults:2 | Killed Mara
 42464 | Vaults:2 | Found Ydiwnu's Antique Weapon Shop.
 42831 | Vaults:2 | Reached skill level 25 in Shapeshifting
 43111 | Vaults:2 | Found Natoluips's Antique Armour Shop.
 43387 | Vaults:3 | Noticed Frederick
 43399 | Vaults:3 | Killed Frederick
 43431 | Vaults:3 | Found a portal to a secret trove of treasure.
 43480 | Vaults:3 | Reached XP level 22. HP: 182/182 MP: 22/22
 43592 | Vaults:3 | Bought a potion of heal wounds for 95 gold pieces
 43592 | Vaults:3 | Bought a potion of curing for 57 gold pieces
 43592 | Vaults:3 | Bought a scroll of teleportation for 57 gold pieces
 43592 | Vaults:3 | Bought a potion of heal wounds for 95 gold pieces
 43592 | Vaults:3 | Bought a potion of might for 76 gold pieces
 43934 | Vaults:3 | Found a staircase to the Crypt.
 44459 | Vaults:4 | Reached skill level 26 in Shapeshifting
 44780 | Vaults:4 | Identified the +11 lajatang "Goehustrero" {flame, rF+
                  | Int+4}
 45614 | Vaults:5 | Entered Level 5 of the Vaults
 45668 | Vaults:5 | Noticed an ancient lich
 45761 | Vaults:5 | Noticed a golden dragon
 45775 | Vaults:5 | Reached XP level 23. HP: 171/189 MP: 23/23
 45775 | Vaults:5 | Killed a golden dragon
 46088 | Vaults:5 | Found the ring of the Octopus King
 46091 | Vaults:5 | Identified a ring of the Octopus King {Wiz HP+2 AC+2 EV+2
                  | SH+2}
 46137 | Vaults:5 | Found the necklace of Bloodlust {Fury *Rage Will++ Int-3
                  | Slay+6}
 46140 | Vaults:5 | Noticed an ancient lich
 46148 | Vaults:5 | Killed an ancient lich
 46240 | Vaults:5 | Identified the +10 shortbow of the Destroying Madman
                  | {drain, Str+3}
 46423 | Vaults:5 | Noticed an ancient lich
 46430 | Vaults:5 | Killed an ancient lich
 46462 | Vaults:5 | Got the Exposition on the Deep Freeze and Changing
 46505 | Vaults:5 | Identified the +1 great sword of Cobwebs {freeze, rPois
                  | Str+5}
 46510 | Vaults:5 | Got the Precepts of Transposed Detritus
 46512 | Vaults:5 | Identified the +7 orcbow of Ocif Vaeha {drain, rCorr Str+3
                  | Int+2 Dex-5}
 46513 | Vaults:5 | Identified the +6 rapier "Eclic" {vamp, Str+6}
 46517 | Vaults:5 | Got the Secrets of Injury and the Voyage
 46597 | Vaults:5 | Got a silver rune of Zot
 46672 | Vaults:5 | Identified the staff of the Freezing Owl {rC+ rCorr Ice
                  | Air}
 46817 | Vaults:5 | Identified the ring "Anguda" {MP+9 Str+6}
 47261 | Depths:1 | Entered Level 1 of the Depths
 47291 | Depths:1 | Found Mocirche's Distillery.
 47302 | Depths:1 | Found Dameme's Antique Weapon Shop.
 47308 | Depths:1 | Bought a potion of heal wounds for 80 gold pieces
 47308 | Depths:1 | Bought 2 potions of haste for 320 gold pieces
 47497 | Depths:1 | Found a blossoming altar of Fedhas.
 47500 | Depths:1 | Found a glowing silver altar of Zin.
 47500 | Depths:1 | Found a stormy altar of Qazlal.
 47502 | Depths:1 | Found a shimmering altar of Xom.
 47502 | Depths:1 | Found an iron altar of Okawaru.
 47502 | Depths:1 | Found a shimmering altar of Xom.
 47565 | Depths:1 | Reached skill level 27 in Shapeshifting
 47631 | Depths:1 | Found a gateway to Hell.
 48016 | Depths:2 | Found Kaisaufu's Magic Scroll Boutique.
 48020 | Depths:2 | Bought a scroll of revelation for 150 gold pieces
 48020 | Depths:2 | Bought a scroll of revelation for 150 gold pieces
 48020 | Depths:2 | Bought a scroll of summoning for 190 gold pieces
 48371 | Depths:2 | Found a magical portal.
 48382 | WizLab   | Entered Doroklohe's Tomb
 48557 | Depths:2 | Found a one-way gate leading to the halls of Pandemonium.
 48785 | Depths:3 | Noticed Xtahua
 48790 | Depths:3 | Killed Xtahua
 48860 | Depths:3 | Found a one-way gateway to a ziggurat.
 48890 | Zig:1    | Entered Level 1 of a ziggurat
 48901 | Zig:2    | Entered Level 2 of a ziggurat
 48956 | Zig:3    | Entered Level 3 of a ziggurat
 48987 | Zig:3    | Got the Secrets of the Birds
 48993 | Zig:4    | Entered Level 4 of a ziggurat
 49023 | Zig:5    | Entered Level 5 of a ziggurat
 49052 | Zig:6    | Entered Level 6 of a ziggurat
 49063 | Zig:6    | Reached XP level 24. HP: 190/205 MP: 23/23
 49112 | Zig:7    | Entered Level 7 of a ziggurat
 49125 | Zig:7    | Identified the staff "Eto Vet" {^Contam rElec Int+3 SInv
                  | Summ Air}
 49142 | Zig:7    | Got Quotidian Mysticism
 49150 | Zig:8    | Entered Level 8 of a ziggurat
 49262 | Zig:8    | Identified the +8 quarterstaff of the Living Dead
                  | {antimagic, Fly Int+3}
 49319 | Depths:3 | Noticed Parghit
 49325 | Depths:3 | Killed Parghit
 49572 | Depths:3 | Found a shadowy altar of Dithmenos.
 49740 | Depths:3 | Found a one-way gate to the infinite horrors of the Abyss.
 49761 | Depths:3 | Noticed a caustic shrike
 49762 | Depths:3 | Killed a caustic shrike
 49799 | Depths:4 | Entered Level 4 of the Depths
 49863 | Depths:4 | Noticed a caustic shrike
 49864 | Depths:4 | Noticed a caustic shrike
 49864 | Depths:4 | Noticed a caustic shrike
 49865 | Depths:4 | Noticed a caustic shrike
 49868 | Depths:4 | Killed a caustic shrike
 49870 | Depths:4 | Killed a caustic shrike
 49870 | Depths:4 | Killed a caustic shrike
 49873 | Depths:4 | Killed a caustic shrike
 50105 | Depths:4 | Found a gate to the Realm of Zot.
 50163 | Zot:1    | Entered Level 1 of the Realm of Zot
 50163 | Zot:1    | Noticed a Killer Klown
 50163 | Zot:1    | Noticed a dread lich
 50163 | Zot:1    | Noticed a Killer Klown
 50165 | Zot:1    | Noticed a Killer Klown
 50232 | Zot:1    | Noticed a Killer Klown
 50254 | Zot:1    | Killed a Killer Klown
 50255 | Zot:1    | Killed a Killer Klown
 50265 | Zot:1    | Killed a Killer Klown
 50272 | Zot:1    | Killed a Killer Klown
 50279 | Zot:1    | Killed a dread lich
 50637 | Zot:3    | Reached XP level 25. HP: 216/216 MP: 10/23
 50826 | Zot:5    | Entered Level 5 of the Realm of Zot
 51008 | Zot:5    | Noticed an orb of fire
 51035 | Zot:5    | Noticed a Killer Klown
 51046 | Zot:5    | Noticed a dread lich
 51046 | Zot:5    | Noticed a Killer Klown
 51046 | Zot:5    | Killed an orb of fire
 51049 | Zot:5    | Noticed a Killer Klown
 51053 | Zot:5    | Noticed a Killer Klown
 51068 | Zot:5    | Killed a Killer Klown
 51157 | Zot:5    | Noticed a Killer Klown
 51159 | Zot:5    | Got the Orb of Zot
 51174 | Zot:5    | Killed a Killer Klown
 51180 | Zot:5    | Noticed Xuyn the pandemonium lord
 51718 | D:$      | Escaped with the Orb!

Illustrated notes

Levels and vault maps discovered:
D:1:      dpeg_arrival_water_fire, layout_basic
D:2:      layout_rooms
D:3:      layout_rooms, elyvilon_altar_5, old_standard_altar, st_stairs_10,
          wad_floor_pattern_2, guppyfry_early_orc_mine, uniq_ijyb
D:4:      layout_rooms, minmay_fire_ice_demons
D:5:      layout_basic, mainiacjoe_overflow_alcove_4
D:6:      layout_basic, minmay_temple_entry_wispy
D:7:      minmay_recursive_quarters, layout_cave_pods, chequers_big_river,
          uniq_pikel
D:8:      layout_layer_cave, tgw_trog, david_lair_generic, enter_bailey_3,
          uniq_gastronok
D:9:      layout_long_grid
D:10:     minmay_wavy_crystal, layout_basic
D:11:     minmay_general_purpose_star, layout_rooms, orc_0_dummy,
          nicolae_uskayaw_murder_on_the_dancefloor
D:12:     layout_irregular_city, nicolae_diode_intersection
D:13:     layout_rooms, hellmonk_vaults_keyhole, uniq_rupert
D:14:     layout_small_grid, kennysheep_boxes, kennysheep_generic_room_10
D:15:     grunt_enter_depths_snipers, layout_basic
Temple:   regret_index_temple_chain_breaker
Lair:1:   layout_small_grid, hangedman_lair_unloving_vines, grunt_megastairs_2,
          uniq_harold
Lair:2:   layout_regular_city, palyth_hydra_swamp_entry, patterned_corridor,
          serial_bayou_shore_a
Lair:3:   layout_cave_pods, nicolae_spider_entry_orb_guardian,
          grunt_megastairs_1, infiniplex_staircase_pool, uniq_nessos, uniq_snorg
Lair:4:   layout_regular_city, portal_ice_cave_entry_imps
Lair:5:   cheibrodos_lair_end_hotspot, layout_concentric_octagons,
          dpeg_slime_entry_enclosed
Swamp:1:  cheibrodos_swamp_monstrosity, layout_basic_swamp,
          evilmike_swamp_ruin_house_5, swamp_pool_1_2
Swamp:2:  layout_basic_swamp, evilmike_swamp_ruin_rubble_2, swamp_pool_1_2,
          infiniplex_staircase_pool_2
Swamp:3:  layout_falls_marsh, ebering_ghost_disaster_area,
          evilmike_swamp_ruin_house_1, swamp_pool_1_2, uniq_nikola
Swamp:4:  swamp_alternative, layout_basic_swamp, swamp_pool_4
Spider:1: layout_chambers
Spider:2: layout_spider_delve
Spider:3: layout_spider_delve, hive_lemuel, uniq_arachne
Spider:4: hellmonk_spider_rune_endless_swarm, uniq_mlioglotl
Orc:1:    layout_caves
Orc:2:    grunt_orc_tribal_feast, layout_caves, nicolae_orc_flooded_monolith
Elf:1:    minmay_elf_arrival_plus, layout_geoelf_grid,
          portal_desolation_entry_ruin, serial_shops,
          nicolae_shop_overgrown_old_shop, hangedman_elven_crosses_minicolossus,
          st_stairs_11
Elf:2:    elven_hall_of_blades_hangedman_original
          [infiniplex_blade_entry_pillars], layout_onion_city
Elf:3:    grunt_elf_hall_asides, layout_onion_city, serial_shops,
          nicolae_shop_gaudy_bauble
Vaults:1: nicolae_vaults_ring_of_whatevers, hangedman_vaults_impose,
          ontoclasm_vaults_loading_screen, v_pattern_3, vaults_room_hallway,
          nicolae_vaults_border_crossing, nicolae_vaults_house_2,
          nicolae_vaults_sesquioval_fish, layout_vaults_omnigrid
Vaults:2: vaults_standard_mumra_lines, nicolae_vaults_tetromino_T_1,
          hangedman_vaults_locks, grunt_vaults_twisty, special_room_vaults
          [special_room_orc], hangedman_vaults_pinch, grunt_vaults_diagonal,
          hangedman_vaults_unwind, nicolae_vaults_trapezoid_4,
          nicolae_vaults_closet_pinwheel_2, nicolae_vaults_little_ls,
          nicolae_vaults_tetromino_Z_1, layout_vaults_maze_snakey, serial_shops,
          shop, nicolae_shop_tiny_waterfront, uniq_mara, uniq_sojobo
Vaults:3: nicolae_vaults_stairing_the_circle, nicolae_vaults_little_squares_1,
          hangedman_vaults_variations, v_pattern_2, blue_anna_dwarven_crypt,
          nicolae_vaults_sesquioval_fish, nicolae_vaults_storage_room_water,
          nicolae_vaults_storage_closets_1, nicolae_vaults_tetromino_Z_1,
          nicolae_vaults_spaceships, nicolae_vaults_little_squares_3,
          layout_vaults_omnibox, nicolae_trove_entry_free_sample, uniq_frederick
Vaults:4: nicolae_vaults_shrinking_rooms_2,
          nicolae_vaults_doubleplus_tesselated, nicolae_vaults_big_angled_halls,
          nicolae_vaults_surprise_closet, nicolae_vaults_trapezoid_lopsided_1,
          st_octagons_2, nicolae_vaults_tetromino_L_1, serial_ice_b,
          vaults_room_stairs_pillars, nicolae_vaults_heart-shaped_vault,
          v_misc_12, nicolae_vaults_storage_room_statues,
          nicolae_vaults_storage_room_doors, layout_vaults_omnicross
Vaults:5
Depths:1: layout_cave_pools, grunt_metal_band, skrybe_limestone_x,
          doesnt_xom_only_xom, minmay_shoptagon
Depths:2: nicolae_BIG_FREAKIN_CUBE, layout_basic, rand_demon_pan_entry_7,
          hangedman_decor_clover_reticule, serial_shops, shop, hell_entry,
          mu_enter_wizlab_3, serial_bayou_shore_b
Depths:3: minmay_the_grid_square_5x5_5x5_mashed
          [minmay_the_grid_square_5x5_lines,
          minmay_the_grid_square_5x5_two_walls_b,
          minmay_the_grid_square_5x5_minivault,
          minmay_the_grid_square_5x5_one_wall,
          minmay_the_grid_square_5x5_fancy_junction,
          minmay_the_grid_square_5x5_bridge,
          minmay_the_grid_square_5x5_prize_snowflake,
          minmay_the_grid_square_5x5_n_small,
          minmay_the_grid_square_5x5_prize_open,
          minmay_the_grid_square_5x5_almost_minimal,
          minmay_the_grid_square_5x5_eight,
          minmay_the_grid_square_5x5_half_checkered,
          minmay_the_grid_square_5x5_prize_junk,
          minmay_the_grid_square_5x5_beaten_path,
          minmay_the_grid_square_5x5_three_small,
          minmay_the_grid_square_5x5_tri_point,
          minmay_the_grid_square_5x5_prize_rear_guard,
          minmay_the_grid_square_5x5_moneybag,
          minmay_the_grid_square_5x5_prize_open,
          minmay_the_grid_square_5x5_two_small,
          minmay_the_grid_square_5x5_inner_v, minmay_the_grid_square_5x5_corner,
          minmay_the_grid_square_5x5_mess,
          minmay_the_grid_square_5x5_broken_cross,
          minmay_the_grid_square_5x5_two], layout_small_grid, enter_ziggurat_b,
          grunt_dithmenos_smoke_and_mirrors, rand_demon_pan_entry_3, hell_entry,
          abyss_entry_small_statue_room, minmay_mirror_moons_of_madness,
          uniq_xtahua, uniq_parghit
Depths:4: grunt_zot_entry_funnels, layout_gridville, abyss_entry, hell_entry,
          minivault_16
Zot:1:    ebering_klown_carousel, layout_basic, st_single_dragon_hoard_2,
          regret_index_zotdec_onion_hex, regret_index_zotdec_gossamer_parallel,
          grunt_ministairs_13
Zot:2:    layout_gridlike, guppyfry_library_mini
Zot:3:    layout_gridlike, regret_index_zotdec_carving_tricks,
          skrybe_zot_glass_1, grunt_megastairs_3
Zot:4:    layout_misc_corridors, regret_index_zotdec_zees,
          gammafunk_ghost_mausoleum, grunt_ministairs_2
Zot:5:    layout_misc_corridors, skrybe_zot_glass_2

Skill      XL: |  1  2  3  4  5  6  7  8  9 10 11 12 13 14 15 16 17 18 19 20 21 22 23 24 25 |
---------------+----------------------------------------------------------------------------+-----
Polearms       | 3 4 5 7 8 9 12 14 17 19 21 23 | 23.3
Fighting       | 4 5 6 7 9 10 12 13 15 17 20 21 22 | 22.4
Dodging        | 7 10 12 16 19 20 22 24 25 | 25.0
Shapeshifting  | 11 17 21 23 25 26 27 | 27.0
Unarmed Combat | 6 11 14 16 20 22 23 24 | 24.5
Armour         | |  2.1
Shields        | |  3.0

Action                     |  1- 3 |  4- 6 |  7- 9 | 10-12 | 13-15 | 16-18 | 19-21 | 22-24 | 25-27 || total
---------------------------+-------+-------+-------+-------+-------+-------+-------+-------+-------++-------
  Melee: Trident           |   125 |   113 |   367 |  1085 |  2190 |  2036 |       |       |       ||  5916
         Tailslap          |       |       |     9 |    18 |    26 |    32 |       |       |       ||    85
         Unarmed           |       |       |       |       |       |    65 |   823 |   765 |   100 ||  1753
         Punch             |       |       |       |       |       |     3 |    89 |   127 |    14 ||   233
  Throw: Dart              |       |       |     3 |       |     4 |       |       |       |       ||     7
 Invoke: Call Merchant     |       |       |       |     1 |     1 |       |       |     2 |       ||     4
         Potion Petition   |       |       |       |     2 |     2 |     6 |     1 |       |       ||    11
         Bribe Branch      |       |       |       |       |       |       |       |     1 |     2 ||     3
Ability: Blinkbolt         |       |       |       |       |       |     3 |    65 |    71 |    20 ||   159
  Evoke: Wand              |       |     8 |    11 |     7 |    14 |    12 |       |     1 |     1 ||    54
    Use: Scroll            |       |     4 |     7 |    13 |    15 |    27 |     4 |     3 |     3 ||    76
         Potion            |       |     1 |     4 |    13 |    10 |    14 |     4 |       |       ||    46
   Stab: Distracted        |       |       |     1 |     1 |     9 |    11 |     7 |    10 |       ||    39
         Invisible         |       |       |     5 |     6 |       |       |       |       |       ||    11
         Confused          |       |       |       |       |       |     2 |       |       |       ||     2
         Sleeping          |       |       |       |       |       |     1 |       |     3 |       ||     4
 Armour: Scale mail        |    65 |    56 |   208 |   191 |       |       |       |       |       ||   520
         Chain mail        |       |       |       |   301 |  1150 |   152 |       |       |       ||  1603
         Skin              |       |       |       |    49 |    41 |  2188 |   173 |   146 |    18 ||  2615
  Dodge: Dodged            |    33 |    27 |   103 |   219 |   588 |  2735 |   721 |   752 |    88 ||  5266
  Block: Buckler           |    19 |    15 |    48 |   129 |   226 |   774 |       |       |       ||  1211
         Other             |       |       |       |       |       |       |    76 |    96 |     8 ||   180
         Reflection        |       |       |       |       |       |       |    14 |     6 |       ||    20
   Form: Statue            |       |       |       |       |       |     1 |       |       |       ||     1
         Storm             |       |       |       |       |       |     1 |     1 |       |       ||     2
                           |       |       |       |       |       |       |     1 |       |       ||     1

Table legend: (Time is in decaauts)
 A = Elapsed time spent in this place.
 B = Non-inter-level travel time spent in this place.
 C = Inter-level travel time spent in this place.
 D = Time resting spent in this place.
 E = Time spent auto-exploring this place.
 F = Levels seen in this place.
 G = Mean time per level.
                   A        B        C        D        E       F      G
               +--------+--------+--------+--------+--------+-----+--------+
         Total |  52366 |  44978 |   7388 |   2794 |  31219 |  59 |  887.6 |
       Dungeon |  15140 |  11905 |   3235 |    822 |   8611 |  15 | 1009.3 |
        Temple |     20 |      2 |     18 |      0 |      0 |   1 |   20.0 |
          Lair |   8435 |   7280 |   1155 |    755 |   5217 |   5 | 1687.0 |
         Swamp |   3580 |   3210 |    370 |    163 |   1837 |   4 |  895.0 |
   Spider Nest |   7963 |   7033 |    930 |    152 |   4686 |   4 | 1990.8 |
  Orcish Mines |   2660 |   1974 |    686 |    728 |    700 |   2 | 1330.0 |
   Elven Halls |   2881 |   2576 |    305 |     20 |   1931 |   3 |  960.3 |
        Vaults |   6226 |   5892 |    334 |     75 |   4641 |   5 | 1245.2 |
        Depths |   2508 |   2264 |    244 |      0 |   1837 |   4 |  627.0 |
           Zot |   1027 |    920 |    107 |      0 |    622 |   5 |  205.4 |
      Ziggurat |    356 |    356 |      0 |      0 |    215 |   8 |   44.5 |
        Bailey |    787 |    787 |      0 |     77 |    406 |   1 |  787.0 |
        Wizlab |      7 |      7 |      0 |      0 |      1 |   1 |    7.0 |
    Desolation |    769 |    769 |      0 |      0 |    510 |   1 |  769.0 |
               +--------+--------+--------+--------+--------+-----+--------+

Top non-repeatable levels by time:
Spider:1: 2785 daAuts
  Lair:2: 2213 daAuts
Spider:4: 2018 daAuts
  Lair:5: 1947 daAuts
   Orc:2: 1824 daAuts
     D:8: 1737 daAuts
Spider:2: 1664 daAuts
  Lair:1: 1553 daAuts
     D:7: 1511 daAuts
Spider:3: 1495 daAuts
  Lair:3: 1461 daAuts
Vaults:1: 1381 daAuts
Vaults:5: 1344 daAuts
   Elf:3: 1291 daAuts
    D:11: 1281 daAuts
